[Event "Sautron op 15th"]
[Site "Sautron"]
[Date "2015.10.24"]
[Round "7.9"]
[White "Lejarre, Ludovic"]
[Black "Navrotescu, Catalin"]
[Result "1/2-1/2"]
[ECO "B25"]
[WhiteElo "2342"]
[BlackElo "2366"]
[Annotator "RR"]
[PlyCount "49"]
[EventDate "2015.10.24"]
[EventType "swiss"]
[EventRounds "9"]
[EventCountry "FRA"]
[SourceTitle "CBM 169 Extra"]
[Source "ChessBase"]
[SourceDate "2015.12.18"]
[SourceVersion "1"]
[SourceVersionDate "2015.12.18"]
[SourceQuality "1"]
[TimeControl "40/5400+30:1800+30"]
[WhiteClock "0:14:20"]
[BlackClock "0:16:49"]

1. e4 c5 2. Nc3 g6 {[%emt 0:
00:12] Un ordre de coups qui évite l'attaque grand-prix jouée par le rennais}
(2... Nc6 3. f4 g6 4. Nf3 Bg7 5. Bb5 {Lejarre,L (2216)-Bollengier,T (2168)
FRA-chT2W 0203 2002 (6) 1-0}) 3. g3 (3. f4 Bg7 4. Nf3 e6 5.
Bc4 Nc6 (5... Ne7 ) 6. O-O Nge7) 3... Bg7 4. Bg2 Nc6 5. d3 e5 (5... e6 {L'alternative}) 6. f4 d6 7. Nh3 (7. Nf3 {La grande ligne}) 7... Nge7 (7...
exf4) (7... h5 $5) 8. O-O Nd4 9. Be3 (9. f5 $5 gxf5 10. Qh5) 9... O-O 10. Qd2 Bg4 (10... Bd7 11. Nd1 Qc8 12. Ndf2 Ndc6 13.
c3 b5 14. fxe5 Nxe5 15. Bh6 N7c6 16. Bxg7 Kxg7 17. Nf4 Qd8 18. Rad1 Rc8 19. Qe2
h5 20. d4 cxd4 21. cxd4 Ng4 22. h3 Nxf2 23. Qxf2 Ne7 24. Rd3 b4 25. Rf3 Qe8 26.
g4 hxg4 27. hxg4 Bb5 28. Re1 Qd8 29. g5 Qb6 30. Bh3 Rcd8 31. Be6 Be8 32. Nd5
Nxd5 33. Bxd5 {1-0 (33) Carlsen,M (2877)-Wojtaszek,R (2735) Tromso 2014}) (
10... Rb8 11. Rae1 $32 (11. Rf2 f6 )) 11. Ng5 (11. Kh1 Qd7 12. Ng1) 11... f6 12. Nf3 Qd7
$11 13. Rf2 b5 {[%emt 0:03:41] Il est plus
facile pour les Noirs de progresser à l'aile-dame alors que l'attaque blanche
à l'aile-roi est bloquée} 14. Raf1 b4 15.
Nd1 Rab8 (15... a5) 16. c3 Nxf3+ 17. Bxf3 Be6 18. c4 exf4 (18... Nc6 ) 19. Bxf4 Nc6 20. Bg2 Nd4 $15 21. h4 Rf7 22. Ne3 Rbf8 23. Nd5 Bxd5 24. cxd5 f5 25. Bh3 1/2-1/2